 Dungeon Crawl Stone Soup version 0.32-a0-711-g016ad743e0 (webtiles) character file.

Game seed: 9398795183497865703

4312 ezpacito the Chopper (level 10, -4/115 HPs)
             Began as a Coglin Chaos Knight on Mar 16, 2024.
             Was a Plaything of Xom.
             Slain by an orc knight
             ... wielding a +0 war axe
              (10 damage)
             ... in a bailey.
             The game lasted 00:12:45 (7795 turns).

ezpacito the Chopper (Coglin Chaos Knight)          Turns: 7795, Time: 00:12:46

Health: -4/115     AC: 25    Str: 18    XL:     10   Next: 33%
Magic:  14/14      EV:  2    Int: 11    God:    Xom [.....*]
Gold:   435        SH:  0    Dex: 13    Spells: 5/15 levels left

rFire   . . .        a - +0 hand axe (chaos) {Kanlaya}
rCold   . . .        g - +1 dagger (drain) {Eiko}
rNeg    . . .        i - melded +2 scale mail {rC+}
rPois   +            H - melded +0 helmet
rElec   .            G - melded +2 cloak {rCorr}
rCorr   .            (gloves currently unavailable)
SInv    .            n - melded +0 pair of boots
Will    .....        (no amulet)
Stlth   ++           (no ring)
HPRegen 0.39/turn    (no ring)
MPRegen 0.14/turn    (no gizmo)

%: no passive effects
@: tree-form, revving
A: stationary, stasis, torment immunity, boosted hp, off-hand wielding, slow
wielding, warmup strikes, (no jewellery), (fangs 1), (fire resistance 1)
a: Invent Gizmo, Renounce Religion


You were in a bailey.
You worshipped Xom.
You were Xom's teddy bear.
You were a tree.
You visited 2 branches of the dungeon, and saw 9 of its levels.
You also visited: Bailey.

You collected 836 gold pieces.
You spent 401 gold pieces at shops.

Inventory:

Hand Weapons
 a - a +0 hand axe of chaos (weapon) {Kanlaya}
 g - a +1 dagger of draining (offhand) {Eiko}
 h - a +0 trident
 j - a +0 broad axe
 L - a +0 war axe
Missiles
 E - 30 poisoned darts (quivered)
 I - 16 boomerangs
 K - 7 curare-tipped darts
Armour
 c - a +0 cloak
 i - a +2 scale mail of cold resistance (melded)
 n - a +0 pair of boots (melded)
 s - a scarf of resistance
 w - +0 steam dragon scales
 C - a +0 plate armour
 G - a +2 cloak of preservation (melded)
 H - a +0 helmet (melded)
Talismans
 z - a blade talisman
 B - a serpent talisman
Wands
 o - a wand of mindburst (4)
 u - a wand of flame (18)
 D - a wand of polymorph (6)
 F - a wand of paralysis (8)
Scrolls
 b - 2 scrolls of noise
 l - 3 scrolls of vulnerability
 p - 2 scrolls of revelation
 r - 2 scrolls of amnesia
 t - a scroll of teleportation
Potions
 e - 3 potions of enlightenment
 k - a potion of brilliance
 x - a potion of lignification
 y - 2 potions of mutation
 A - a potion of cancellation


   Skills:
 * Level 6.7 Fighting
 * Level 6.7(7.2) Axes
 + Level 3.6(5.4) Polearms
 * Level 5.7 Armour
 * Level 5.4 Dodging
 + Level 3.5 Stealth
 + Level 3.2 Spellcasting
 + Level 2.7 Alchemy
 + Level 4.4 Evocations


You had 5 spell levels left.
You knew the following spells:

 Your Spells              Type           Power      Damage    Failure   Level
a - Mercury Vapours       Alch/Air       8%         N/A       22%         2
b - Alistair's Intoxicat  Alch           4%         N/A       92%         5
x - Mephitic Cloud        Conj/Alch/Air  3%         N/A       47%         3

Your spell library contained the following spells:

 Spells                   Type           Power      Damage    Failure   Level
 Sandblast                Erth           2%         2d4       26%         1
 Slow                     Hex            4%         N/A       26%         1
 Jinxbite                 Hex            2%         N/A       36%         2
 Frozen Ramparts          Ice            2%         1d1       61%         3
 Inner Flame              Hex/Fire       1%         N/A       61%         3
 Ozocubu's Armour         Ice            1%         N/A       61%         3
 Borgnjor's Vile Clutch   Necr/Erth      0%         N/A       100%        5
 Freezing Cloud           Conj/Ice/Air   0%         6-21      100%        5
 Lee's Rapid Deconstruct  Erth           0%         3d4*      100%        5
 Metabolic Englaciation   Hex/Ice        0%         N/A       100%        5
 Eringya's Noxious Bog    Alch           3%         4d6       100%        6
 Sculpt Simulacrum        Ice/Alch       2%         N/A       100%        6
 Enfeeble                 Hex            0%         N/A       100%        7
 Haunt                    Necr/Summ      0%         N/A       100%        7
 Borgnjor's Revivificati  Necr           0%         N/A       100%        8
 Discord                  Hex            0%         N/A       100%        8
 Lehudib's Crystal Spear  Conj/Erth      0%         10d2      100%        8
 Death's Door             Necr           0%         N/A       100%        9


Dungeon Overview and Level Annotations

Branches:
Dungeon (8/15)             Temple (1/1) D:7          Bailey (1/1)
   Lair: D:8-11

Altars:
Cheibriados
Dithmenos
Elyvilon
Fedhas
Gozag
Hepliaklqana
Kikubaaqudgha
Makhleb
Nemelex Xobeh
Qazlal
Ru
Sif Muna
Trog
Uskayaw
Vehumet
Wu Jian
Xom
Yredelemnul
Zin
The Shining One

Shops:
D:7 ((:[

Annotations:
D:3 3 runed translucent doors, Astinus's ghost, amateur CoHu; RandomusNamus's ghost, amateur MDRe; jiveturtle's ghost, amateur MDBe


Innate Abilities, Weirdness & Mutations

You are a tree.
Your roots penetrate the ground, keeping you stationary.
You cannot be teleported.
You are immune to unholy pain and torment.
Your maximum health is greatly increased.
Your equipment is partially melded.
You can wield a second weapon in your off-hand.
It takes a long time for you to wield or remove held weapons.
Your first few attacks do less damage.
((You cannot equip rings or amulets.))
((You have very sharp teeth.))
((Your flesh is heat resistant. (rF+)))


Message History

You turn into a tree.
Your +2 cloak of preservation melds into your body.
Your +0 helmet melds into your body.
Your +0 pair of boots melds into your body.
Your +1 scale mail of cold resistance melds into your body.
You feel less resistant to cold.
Your roots penetrate the ground.
You feel sick.
You now have 7/115 hp.
As you read the scroll of fog, it dissolves into smoke.
You feel sick.
You take 1 damage, and have 6/115 hp.
As you read the scroll labelled KETAWN KAIVEM, it crumbles to dust.
You cannot blink because you are held in place by your roots.
It was a scroll of blinking.
You feel sick.
The air fills with toxic fumes!
As you read the scroll labelled LUISHR MUSALA, it crumbles to dust.
It was a scroll of poison.
You feel sick.
The orc warrior hits you but does no damage.
You take 1 damage, and have 5/115 hp.
As you read the scroll labelled SOMUMI OZIT, it crumbles to dust.
You assume a fearsome visage.
The orc warrior looks frightened! x3
It was a scroll of fear.
You feel sick.
You are no longer poisoned.
As you read the scroll labelled VUCVYO RIVVYU, it crumbles to dust.
The creatures around you are filled with an inner flame!
It was a scroll of immolation.
The orc warrior pleads, "Why can't we all just get along?"
As you read the scroll labelled VURGHI QAGUTIKH, it crumbles to dust.
It is a scroll of enchant armour.
Your +1 scale mail of cold resistance glows green for a moment.
The kobold brigand hits you but does no damage.
You barely miss the kobold brigand with your +1 dagger of draining.
The kobold brigand is moderately wounded.
You closely miss the kobold brigand with your +0 hand axe of chaos.
You hit the kobold brigand with your +0 hand axe of chaos.
You hit the orc knight but do no damage.
The kobold brigand hits you but does no damage. x2
The orc knight hits you with a +0 war axe!
You die...
Xom thinks this is hilarious!

#....~~.......~~....#
#.###§§§§§§§§§§§###.#
#..§§§§§§§§§§§§§§§..
#.###§§§§§§§§§§§###.#
#..§§§§§§§§§§§§§§§..#
#.###§§§§§§§§§§§###.#
#..§§§§§§§§§§§§§§§..#
#####§§§§§§§§§§§#####
##~.§§♣§§.~##
####oKK#### ##§§§§§##
#∩(§.§=∩# #..oß...#
##..o..## ###K###
#o)K# ...K...


You could see an orc knight and 2 kobold brigands.

Vanquished Creatures
  Maurice (D:8)
  Sigmund (D:6)
  A wyvern (D:5)
  A steam dragon (D:6)
  2 water moccasins
  2 ice beasts
  A sky beast (D:6)
  3 orc warriors
  2 black bears
  An ogre (D:4)
  A phantom (D:5)
  8 kobold brigands
  3 bullfrogs
  2 scorpions
  6 killer bees
  A bombardier beetle (D:4)
  4 hounds
  2 jellies
  Crazy Yiuf (D:2)
  7 orc priests
  3 iguanas
  6 orc wizards
  7 adders
  A gnoll (D:8)
  2 ufetubi (D:6)
  2 dart slugs
  22 orcs
  6 endoplasms
  4 giant cockroaches
  7 goblins
  9 hobgoblins
  4 quokkas
  12 ball pythons
  6 bats
  2 frilled lizards
  36 kobolds
  5 rats
184 creatures vanquished.

Vanquished Creatures (collateral kills)
  A steam dragon (D:8)
  3 killer bees (D:7)
  A jelly (D:8)
  An orc priest (D:8)
  An orc wizard (D:8)
  3 gnolls (D:8)
  5 orcs (D:8)
  A goblin (D:8)
16 creatures vanquished.

Vanquished Creatures (others)
  A kobold (Bailey)
1 creature vanquished.

Grand Total: 201 creatures vanquished

Notes
Turn   | Place    | Note
-------+----------+-------------------------------------------
     0 | D:1      | ezpacito the Coglin Chaos Knight began the quest for the
                  | Orb.
     0 | D:1      | Reached XP level 1. HP: 18/18 MP: 1/1
    45 | D:1      | Reached skill level 1 in Dodging
   137 | D:1      | XOM: divination: magic mapping
   140 | D:1      | XOM: potion effect (curing)
   154 | D:1      | XOM: silly message
   244 | D:1      | Reached XP level 2. HP: 23/24 MP: 2/2
   487 | D:1      | XOM: silly message
   781 | D:2      | Reached XP level 3. HP: 22/29 MP: 3/3
   902 | D:2      | Found a runed translucent door.
   903 | D:2      | Noticed Crazy Yiuf
   930 | D:2      | XOM: cloud trail
  1149 | D:2      | Found a faded altar of an unknown god.
  1275 | D:2      | Reached XP level 4. HP: 35/35 MP: 4/4
  1337 | D:2      | Got the Elucidation of Dense Pollution
  1627 | D:2      | Killed Crazy Yiuf
  1936 | D:3      | Found a glowing golden altar of the Shining One.
  1936 | D:3      | Found a shadowy altar of Dithmenos.
  1938 | D:3      | Found a sparkling altar of Nemelex Xobeh.
  1938 | D:3      | Found a basalt altar of Yredelemnul.
  1967 | D:3      | Found a runed translucent gate.
  1967 | D:3      | Found a runed translucent gate.
  1969 | D:3      | Reached skill level 1 in Polearms
  2081 | D:3      | Reached XP level 5. HP: 41/41 MP: 6/6
  2099 | D:3      | Found a runed translucent gate.
  2103 | D:3      | Noticed Astinus's ghost (amateur CoHu)
  2103 | D:3      | Noticed RandomusNamus's ghost (amateur MDRe)
  2103 | D:3      | Noticed jiveturtle's ghost (amateur MDBe)
  2231 | D:3      | Found a shimmering blue altar of Sif Muna.
  2243 | D:3      | XOM: god gift: 6 stones
  2529 | D:4      | Reached skill level 1 in Stealth
  2529 | D:4      | Reached skill level 1 in Spellcasting
  2556 | D:4      | XOM: draining
  2591 | D:4      | Reached XP level 6. HP: 36/44 MP: 7/7
  2663 | D:4      | XOM: confusion (+ monsters)
  2930 | D:4      | Found an ancient bone altar of Kikubaaqudgha.
  3428 | D:5      | Entered Level 5 of the Dungeon
  3429 | D:5      | Noticed a black bear
  3436 | D:5      | Killed a black bear
  3437 | D:5      | Reached XP level 7. HP: 54/54 MP: 7/9
  3481 | D:5      | Noticed a wyvern
  3491 | D:5      | Killed a wyvern
  3523 | D:5      | XOM: 1-stop teleportation journey
  3532 | D:5      | Reached skill level 1 in Evocations
  3885 | D:5      | Reached XP level 8. HP: 61/61 MP: 10/10
  4377 | D:5      | XOM: cloud trail
  4533 | D:6      | Found a sacrificial altar of Ru.
  4606 | D:6      | Reached skill level 5 in Fighting
  4606 | D:6      | Reached skill level 5 in Axes
  4682 | D:6      | Found a radiant altar of Vehumet.
  4710 | D:6      | XOM: swap monsters
  4818 | D:6      | Learned a level 2 spell: Mercury Vapours
  4822 | D:6      | Learned a level 3 spell: Mephitic Cloud
  4828 | D:6      | Learned a level 5 spell: Alistair's Intoxication
  4857 | D:6      | XOM: fog
  5155 | D:6      | Reached XP level 9. HP: 68/68 MP: 12/12
  5182 | D:6      | Noticed Sigmund
  5186 | D:6      | XOM: scenery: summon butterflies
  5188 | D:6      | Killed Sigmund
  5189 | D:6      | Reached skill level 1 in Alchemy
  5293 | D:6      | XOM: scenery: summon butterflies
  5598 | D:7      | Found a staircase to the Ecumenical Temple.
  5666 | Temple   | Entered the Ecumenical Temple
  5672 | D:7      | XOM: give mutations
  5672 | D:7      | Gained mutation: Your flesh is heat resistant. (rF+) [Xom's
                  | grace]
  5672 | D:7      | Gained mutation: You have very sharp teeth. [Xom's grace]
  6056 | D:7      | XOM: scenery: summon butterflies
  6151 | D:7      | Found Uzittumu's Antique Weapon Shoppe.
  6165 | D:7      | Reached skill level 5 in Armour
  6257 | D:7      | Bought a runed spear for 174 gold pieces
  6276 | D:7      | Found Wuoness's Book Shop.
  6291 | D:7      | XOM: 1-stop teleportation journey
  6424 | D:7      | XOM: god gift: 26 gold pieces
  6541 | D:7      | XOM: scenery: create altars
  6599 | D:7      | Found Cuwnasux's Antique Armour Emporium.
  6606 | D:7      | Bought a glowing scale mail for 147 gold pieces
  6754 | D:7      | Found Tuomn's Antique Weapon Shoppe.
  6800 | D:7      | XOM: scenery: summon butterflies
  6829 | D:7      | XOM: god gift: Xom's Spellbook of Asceticism {god gift}
  6830 | D:7      | Got Xom's Spellbook of Asceticism {god gift}
  6852 | D:7      | Bought a broad axe for 80 gold pieces
  7030 | D:8      | Noticed Maurice
  7036 | D:8      | Something stole 14 poisoned darts
  7038 | D:8      | Something stole a serpent talisman
  7043 | D:8      | Killed Maurice
  7081 | D:7      | Reached skill level 5 in Dodging
  7090 | D:7      | XOM: summons 9 friendly demons
  7098 | D:7      | Reached XP level 10. HP: 38/77 MP: 14/14
  7154 | D:8      | Found a flagged portal.
  7161 | D:8      | XOM: summons friendly smoke demon
  7616 | Bailey   | Entered a bailey
  7636 | Bailey   | XOM: enchant monster (good)
  7650 | Bailey   | XOM: polymorph kobold -> orc
  7774 | Bailey   | XOM: fake destruction
  7775 | Bailey   | Noticed an orc knight
  7791 | Bailey   | HP: 5/115 [poisoned by a kobold brigand]
  7795 | Bailey   | Slain by an orc knight

Illustrated notes

Levels and vault maps discovered:
D:1:      psy_arrival_dodecagon, layout_basic, patterned_corridor
D:2:      minmay_diamond_boxcup, layout_loops_ring,
          hellmonk_ecumenical_altar_leap_of_faith, uniq_crazy_yiuf_cottage
D:3:      layout_rooms, mainiacjoe_overflow_alcove_4,
          mainiacjoe_overflow_alcove_3, gammafunk_ghost_cemetery
D:4:      minmay_spotlight, layout_loops_ring, mainiacjoe_overflow_paths,
          chequers_avenue
D:5:      layout_gridville
D:6:      layout_loops_ring, nicolae_overflow_hidden_temple, uniq_sigmund
D:7:      layout_loops_corners, minmay_temple_entry_statues, serial_shops, shop,
          nicolae_shop_back_alley_shop, shop, nicolae_shop_stone
D:8:      layout_cave_pools, lightli_bailey_entry_fortress, uniq_maurice
Temple:   minmay_temple_forest_path
Bailey:   bailey_axe_3, bailey

Skill      XL: |  1  2  3  4  5  6  7  8  9 10 |
---------------+-------------------------------+-----
Dodging        | 1 2 3 4 5 |  5.4
Armour         | 2 3 4 5 |  5.7
Polearms       | 1 2 3 |  3.6
Stealth        | 1 2 3 |  3.5
Spellcasting   | 1 2 3 |  3.2
Fighting       | 4 5 6 |  6.7
Axes           | 4 5 6 |  6.7
Evocations     | 1 3 4 |  4.4
Alchemy        | 2 |  2.7

Action                     |  1- 3 |  4- 6 |  7- 9 | 10-12 || total
---------------------------+-------+-------+-------+-------++-------
  Melee: Hand axe          |    68 |   104 |   242 |    78 ||   492
         Dagger            |    36 |    82 |   240 |    74 ||   432
         Spear             |    27 |    19 |       |       ||    46
         Bite              |       |       |     7 |     6 ||    13
  Evoke: Wand              |       |       |     5 |     2 ||     7
    Use: Potion            |       |     4 |    10 |     2 ||    16
         Scroll            |       |     6 |     3 |    10 ||    19
   Stab: Paralysed         |       |     1 |       |       ||     1
         Confused          |       |       |     2 |     1 ||     3
 Armour: Leather armour    |    34 |       |       |       ||    34
         Chain mail        |    14 |    83 |   189 |       ||   286
         Scale mail        |       |       |    43 |    92 ||   135
         Skin              |       |       |    15 |     5 ||    20
  Dodge: Dodged            |    24 |    37 |   113 |    77 ||   251

Table legend: (Time is in decaauts)
 A = Elapsed time spent in this place.
 B = Non-inter-level travel time spent in this place.
 C = Inter-level travel time spent in this place.
 D = Time resting spent in this place.
 E = Time spent auto-exploring this place.
 F = Levels seen in this place.
 G = Mean time per level.
                   A        B        C        D        E       F      G
               +--------+--------+--------+--------+--------+-----+--------+
         Total |   7833 |   7390 |    443 |    322 |   5528 |  10 |  783.3 |
       Dungeon |   7649 |   7207 |    442 |    322 |   5508 |   8 |  956.1 |
        Temple |      1 |      1 |      0 |      0 |      0 |   1 |    1.0 |
        Bailey |    182 |    182 |      0 |      0 |     20 |   1 |  182.0 |
               +--------+--------+--------+--------+--------+-----+--------+

Top non-repeatable levels by time:
     D:7: 1748 daAuts
     D:2: 1150 daAuts
     D:5: 1077 daAuts
     D:4: 993 daAuts
     D:6: 885 daAuts
     D:1: 777 daAuts
     D:3: 517 daAuts
     D:8: 499 daAuts
  Bailey: 182 daAuts
  Temple: 1 daAuts
